 Dungeon Crawl Stone Soup version 0.25.1-1-g288607f (webtiles) character file.

Game seed: 9034752298962162798

170 RonnieColeman the Conjurer (level 5, -5/31 HPs)
             Began as an Octopode Conjurer on Oct 12, 2020.
             Killed from afar by an orc wizard (7 damage)
             ... with a magic dart
             ... on level 3 of the Dungeon.
             The game lasted 00:05:37 (2925 turns).

RonnieColeman the Conjurer (Octopode Conjurer)      Turns: 2925, Time: 00:05:37

Health: -5/31      AC:  1    Str:  8    XL:     5   Next: 51%
Magic:  3/11       EV: 13    Int: 18    God:
Gold:   83         SH:  0    Dex: 12    Spells: 9/12 levels left

rFire    . . .     SeeInvis .   i - +4 quarterstaff (chaos)
rCold    . . .     Gourm    .   (shield currently unavailable)
rNeg     . . .     Faith    .   (helmet restricted)
rPois    .         Spirit   .   (no amulet)
rElec    .         Reflect  .   (no ring)
rCorr    .         Harm     .   (no ring)
MR       .....                  (no ring)
Stlth    +++.......             (no ring)
HPRegen  0.10/turn              (no ring)
MPRegen  0.12/turn              (no ring)
                                (no ring)
                                (no ring)

@: lethally poisoned (-5 -> -7), very slightly contaminated
A: almost no armour, stealthy swim, amphibious, 8 rings, constrict 8, camouflage
1, gelatinous body 1
a: no special abilities


You were on level 3 of the Dungeon.
You were hungry.

You visited 1 branch of the dungeon, and saw 3 of its levels.

You collected 83 gold pieces.

Inventory:

Hand Weapons
 i - a +4 quarterstaff of chaos (weapon)
 k - a +1 short sword
Scrolls
 d - a scroll of remove curse
 f - a scroll of fog
 j - a scroll of amnesia
 l - a scroll of identify
Potions
 e - a potion of stabbing
 g - a potion of resistance
 h - 2 potions of might
 m - a potion of invisibility
Comestibles
 a - a chunk of flesh


   Skills:
 - Level 2.0 Dodging
 - Level 2.6 Stealth
 * Level 4.3 Spellcasting
 + Level 4.9 Conjurations


You had 9 spell levels left.
You knew the following spells:

 Your Spells              Type           Power        Failure   Level  Hunger
a - Magic Dart            Conj           ###.         1%          1    None
b - Searing Ray           Conj           ###...       2%          2    ##.....

Your spell library contained the following spells:

 Spells                   Type           Power        Failure   Level  Hunger
 Dazzling Flash           Conj/Hex       ##....       16%         3    ###....
 Fulminant Prism          Conj/Hex       ##........   45%         4    ####...
 Iskenderun's Mystic Bla  Conj/Tloc      ##......     45%         4    ####...


Dungeon Overview and Level Annotations

Branches:
Dungeon (3/15)

Altars:
Uskayaw


Innate Abilities, Weirdness & Mutations

You cannot wear most types of armour.
You are very stealthy in the water. (Stealth+)
You are amphibious.
You can wear up to eight rings at the same time.
You can use your tentacles to constrict eight enemies at once.
Your skin changes colour to match your surroundings (Stealth+).
Your rubbery body absorbs attacks. (AC +1, EV +1)


Message History

Aiming: Searing Ray (safe; 2% risk of failure)
Press: ? - help, Shift-Dir - straight line, f/p - orc wizard
Aim: an orc wizard, wielding a -3 dagger and wearing a +0 robe (severely wounded, fast)
You miscast Searing Ray.
You are very lightly contaminated with residual magic.
Nothing appears to happen.
The orc wizard hits you but does no damage.
You feel sick. The orc wizard barely misses you.
The orc wizard hits you with a cursed -2 dagger.
An orc wizard comes into view. It is wielding a +0 dagger.
The orc wizard misses you.
A hobgoblin comes into view. It is wielding a +0 club.
The orc wizard points at you and mumbles some strange words.
The puff of flame misses you.
The orc wizard points at you and mumbles some strange words.
The magic dart hits you!
* * * LOW HITPOINT WARNING * * *
The orc wizard gestures at you while chanting.
The magic dart hits you!
You die...

.......... ......... ..#
.......# ..# .......#
..# ##.....# ..#
##.....# ..# .....รท.#
..#
##.....##########o.##.##
#.....'........@o.)o..g
.......######.###..##.##
##.##### #.# ....o #.#
#.# ..##.# ... ... ..# #
##.# #.% .## .. .... .#
#... ## #.###


You could see 3 orc wizards, an orc and a hobgoblin.

Vanquished Creatures
  Crazy Yiuf (D:2)
  Jessica (D:2)
  4 adders
  2 oozes
  5 worms
  2 dart slugs (D:1)
  A leopard gecko (D:2)
  An orc (D:3)
  2 ball pythons
  3 bats
  A giant cockroach (D:1)
  6 goblins
  7 hobgoblins
  3 jackals (D:2)
  3 kobolds
  A quokka (D:3)
  3 frilled lizards (D:2)
  7 rats
53 creatures vanquished.

Notes
Turn   | Place    | Note
-------+----------+-------------------------------------------
     0 | D:1      | RonnieColeman the Octopode Conjurer began the quest for the
                  | Orb.
     0 | D:1      | Reached XP level 1. HP: 11/11 MP: 3/3
    94 | D:1      | Reached XP level 2. HP: 16/17 MP: 0/5
   975 | D:1      | Reached XP level 3. HP: 21/21 MP: 7/7
  1535 | D:2      | Found a runed translucent door.
  1536 | D:2      | Noticed Crazy Yiuf
  1593 | D:2      | Learned a level 2 spell: Searing Ray
  1647 | D:2      | Killed Crazy Yiuf
  1647 | D:2      | Reached XP level 4. HP: 10/27 MP: 0/9
  2181 | D:2      | HP: 1/27 [adder (2)]
  2275 | D:2      | Noticed Jessica
  2277 | D:2      | Killed Jessica
  2277 | D:2      | Reached XP level 5. HP: 31/31 MP: 7/11
  2657 | D:2      | Found a hide-covered altar of Uskayaw.
  2925 | D:3      | Killed from afar by an orc wizard

Illustrated notes

Levels and vault maps discovered:
D:1:      shiori_shiawase, layout_rooms, serial_curves, eino_curves_01,
          eino_curves_01, eino_curves_04, eino_curves_03, minmay_split_cup_large
D:2:      layout_loops_ring, nicolae_overflow_hidden_temple,
          uniq_crazy_yiuf_cottage, uniq_jessica
D:3:      layout_basic, nicolae_gozag_zags_fifth_avenue,
          nemelex_xobeh_ov_fountains_minmay, first_ration, uniq_ijyb,
          uniq_sigmund

Skill      XL: |  1  2  3  4 |
---------------+-------------+-----
Spellcasting   | 3 4 |  4.3
Dodging        | |  2.0
Stealth        | |  2.6
Conjurations   | |  4.9

Action                   |  1- 3 |  4- 6 || total
-------------------------+-------+-------++-------
Melee: Unarmed           |    19 |       ||    19
       Constrict         |     6 |    11 ||    17
       Tentacles         |     4 |     5 ||     9
       Short sword       |     9 |       ||     9
       Quarterstaff      |       |    47 ||    47
 Cast: Magic Dart        |    28 |       ||    28
       Searing Ray       |     1 |     6 ||     7
  Use: Scroll            |    11 |     3 ||    14
       Potion            |       |     3 ||     3
 Stab: Sleeping          |     6 |     8 ||    14
  Eat: Chunk             |     2 |     4 ||     6
Armor: Skin              |     2 |     1 ||     3
Dodge: Dodged            |    15 |    32 ||    47
